FIQ, neutral male scurrid Tourist < ^^^^^^^^^^^^^^ ^^^ # FIQ the Rambler Experience level: 1 Strength: 10 Dexterity: 15 Constitution: 14 Intelligence: 14 Wisdom: 7 Charisma: 14 Health: 9(9) Energy: 2(2) Def: 0 Gold: 957 Moves: 1383 Dungeon seed: LYCJaNTcLd65aEiS Game ID: FIQ_1498601749 Your Inventory: Coins $ - 957 gold pieces Weapons a - 42 uncursed +2 darts (in quiver) Armor e - an uncursed +0 Hawaiian shirt (being worn) Comestibles b - 4 uncursed food rations c - an uncursed sprig of wolfsbane d - 2 uncursed tripe rations f - an uncursed egg g - 2 uncursed chestnuts h - an uncursed lembas wafer i - an uncursed pear Scrolls k - 3 uncursed scrolls of magic mapping l - a blessed scroll of magic mapping Potions j - 2 uncursed potions of extra healing r - an uncursed potion of object detection Wands o - an uncursed wand of secret door detection (0:11) Tools m - an uncursed expensive camera (0:35) n - an uncursed credit card p - an uncursed oil lamp (0:1364) Spells and supernatural/magical abilities: Name Level Category Fail Memory W - pray for help -- divine ? -- Your skills at the end: Miscellaneous Skills wands [Basic] Weapon Skills dart [Basic] Spellcasting Skills Final Attributes: You were devoutly aligned. You had infravision. You were very stealthy. You are dead. Vanquished creatures: a chameleon a giant 2 creatures vanquished. Voluntary challenges: You went without food. You did not adorn yourself with jewelry or accessories. You did not cause conflict. You were not invisible. You did not have reflection. You were not displaced. You were an atheist. You never hit with a wielded weapon. You were a pacifist. You did not use tools. You did not use plumbed fixtures. You did not drink any magical draughts. You were illiterate. You never genocided any monsters. You never polymorphed an object. You never changed form. You used no wishes. You never split a pudding. You never wrote Elbereth's name. You never violated your personal moral code. Dungeon overview: The Dungeons of Doom: levels 1 to 29 Level 1 a long staircase Level 2 Level 3 a long staircase Level 4 Level 5 Level 6 Level 7 a long staircase Level 8 Level 9 Level 10 Level 11 Level 12 Level 13 Level 14 a sink Level 15 a fountain Level 16 Level 17 Level 18 Level 19 Level 20 Level 21 Level 22 Level 23 Level 24 Level 25 Level 26 Level 27 Level 28 a fountain Level 29 <- You were here History has recorded: On T:1 you entered the Dungeons of Doom to retrieve the Amulet of Yendor! On T:4 you reached level 2 of The Dungeons of Doom. On T:6 you reached level 3 of The Dungeons of Doom. On T:8 you reached level 4 of The Dungeons of Doom. On T:10 you reached level 5 of The Dungeons of Doom. On T:13 you reached level 6 of The Dungeons of Doom. On T:15 you reached level 7 of The Dungeons of Doom. On T:17 you reached level 8 of The Dungeons of Doom. On T:19 you reached level 9 of The Dungeons of Doom. On T:22 you reached level 10 of The Dungeons of Doom. On T:25 you reached level 11 of The Dungeons of Doom. On T:28 you reached level 12 of The Dungeons of Doom. On T:30 you reached level 13 of The Dungeons of Doom. On T:32 you reached level 14 of The Dungeons of Doom. On T:34 you reached level 15 of The Dungeons of Doom. On T:37 you reached level 16 of The Dungeons of Doom. On T:37 you entered the Rogue tribute level. On T:39 you reached level 17 of The Dungeons of Doom. On T:41 you reached level 18 of The Dungeons of Doom. On T:43 you reached level 19 of The Dungeons of Doom. On T:47 you reached level 20 of The Dungeons of Doom. On T:49 you reached level 21 of The Dungeons of Doom. On T:52 you reached level 22 of The Dungeons of Doom. On T:54 you reached level 23 of The Dungeons of Doom. On T:56 you reached level 24 of The Dungeons of Doom. On T:58 you reached level 25 of The Dungeons of Doom. On T:61 you reached level 26 of The Dungeons of Doom. On T:63 you reached level 27 of The Dungeons of Doom. On T:65 you reached level 28 of The Dungeons of Doom. On T:68 you reached The Castle. Score breakdown: Gold: 325 ( 32 points) Experience: 1 level ( 0 points) Exploration: 29 levels ( 840 points) Discoveries: 1 item ( 50 points) Variety of kills: 2 monsters ( 100 points) Major goal: (nothing yet) ( 0 points) Survival: died (score multiplied by 3) Total score: 3066 Latest messages: You have no weapon equipped. You start chewing a hole in the rock. You continue digging. You succeed in cutting away some rock. You go down into the pit. You start digging downward. The ground here is too hard to dig in. You faint from lack of food. You come to. You crawl to the edge of the pit. You have no weapon equipped. You start digging downward. You continue digging downward. You dig a pit in the ground. You faint from lack of food. You come to. You are still in a pit. You have no weapon equipped. You are still in a pit. You continue digging downward. The ground here is too hard to dig in. You continue digging downward. The ground here is too hard to dig in. You faint from lack of food. You die from starvation. Final status: Aloha FIQ the Tourist, died of starvation, while fainted from lack of food... You starved in The Dungeons of Doom on dungeon level 29 with 3066 points, and 957 pieces of gold, after 1383 moves. You were level 1 with a maximum of 9 hit points when you starved.